Map: Attrape-rêves EC

Players

IIIIIIIIIIII

  • Race: Zerg Zerg
  • Spawn Location: 5:00

Krivius - Winner!

  • Race: Zerg Zerg
  • League: Master
  • Spawn Location: 11:00

VOD

Have the link to the VOD?

Description

Time

  • Played on: July 10, 2018, 4:27 p.m.
  • Length: 11:57
Show
View Real Time Build Order
Export as new Build Order

IIIIIIIIIIII Zerg 

Build Orders: Hatch First 

Get SALT Encoding   

  12  0:00  Drone  
  13  0:12  Overlord  
  13  0:18  Drone  
  14  0:30  Drone  
  14  0:31  Drone  
  14  0:34  Drone  
  17  0:51  Drone  
  18  1:04  Drone  
  19  1:11  Hatchery  
  19  1:13  Spawning Pool  
  17  1:20  Drone  
  17  1:21  Drone  
  19  1:32  Drone  
  20  1:37  Extractor  
  19  1:40  Overlord  
  19  1:51  Drone  
  20  2:00  Drone  
  21  2:03  Spine Crawler  
  21  2:05  Queen  
  22  2:14  Zergling x2  
  23  2:24  Hatchery  
  23  2:29  Zergling x4  
  24  2:34  Queen  
  27  2:40  Extractor  
  27  2:42  Drone x2  
  28  2:47  Metabolic Boost  
  28  2:55  Overlord  
  28  3:03  Drone x3  
  31  3:10  Baneling Nest  
  30  3:18  Zergling x4  
  32  3:25  Drone x3  
  35  3:31  Overlord  
  35  3:38  Drone x2  
  37  3:45  Queen  
  39  3:54  Baneling x5  
  39  3:55  Baneling  
  39  4:00  Zergling x6  
  43  4:02  Zergling x2  
  43  4:07  Zergling x2  
  43  4:08  Zergling x4  
  44  4:23  Drone x2  
  44  4:24  Drone x5  
  45  4:27  Extractor  
  45  4:29  Drone  
  45  4:30  Drone  
  49  4:37  Roach Warren  
  48  4:41  Evolution Chamber  
  48  4:43  Overlord  
  47  4:49  Lair  
  47  4:53  Drone x2  
  47  4:55  Drone  
  47  4:59  Extractor  
  49  5:00  Drone x2  
  49  5:01  Drone  
  49  5:04  Drone x2  
  54  5:08  Drone x2  
  56  5:14  Overlord  
  56  5:16  Overlord  
  56  5:20  Zerg Missile Weapons Level 1  
  56  5:21  Drone  
  56  5:22  Drone  
  56  5:23  Drone  
  56  5:25  Drone  
  56  5:26  Drone  
  62  5:28  Drone  
  62  5:33  Overlord  
  62  5:35  Drone x2  
  64  5:42  Drone  
  65  5:45  Overlord  
  65  5:48  Roach x2  
  65  5:49  Roach x2  
  71  5:52  Zergling x6  
  74  5:58  Zergling x4  
  74  6:01  Baneling x2  
  74  6:02  Baneling x3  
  75  6:05  Zergling x6  
  75  6:09  Zergling x6  
  67  6:12  Zergling x2  
  67  6:13  Zergling x4  
  68  6:20  Glial Reconstitution  
  68  6:23  Roach x2  
  68  6:24  Roach  
  74  6:29  Baneling x2  
  74  6:30  Baneling  
  74  6:31  Roach x2  
  78  6:35  Extractor  
  78  6:38  Drone x2  
  79  6:43  Roach x2  
  79  6:44  Roach  
  79  6:47  Overlord  
  85  6:51  Baneling  
  85  6:52  Baneling x2  
  85  6:54  Overlord  
  85  6:57  Spore Crawler  
  85  6:58  Spore Crawler  
  73  7:10  Spore Crawler  
  73  7:12  Spore Crawler  
  70  7:21  Queen  
  71  7:26  Spire  
  66  7:40  Drone x4  
  64  7:44  Evolution Chamber  
  64  7:47  Spore Crawler, Drone  
  64  7:48  Spore Crawler  
  62  7:52  Spore Crawler  
  61  8:06  Evolution Chamber  
  61  8:14  Overlord x3  
  61  8:15  Overlord x2  
  55  8:28  Overlord  
  55  8:29  Overlord x2  
  55  8:40  Zerg Flyer Weapons Level 1  
  45  8:45  Mutalisk x4  
  53  8:51  Mutalisk  
  53  8:54  Mutalisk  
  57  8:58  Mutalisk  
  59  9:03  Mutalisk  
  59  9:05  Mutalisk  
  59  9:09  Mutalisk  
  62  9:14  Mutalisk  
  66  9:18  Mutalisk  
  66  9:23  Mutalisk  
  70  9:32  Mutalisk  
  70  9:33  Mutalisk  
  74  9:41  Overlord  
  74  9:42  Overlord  
  74  10:01  Mutalisk x2  
  74  10:06  Mutalisk  
  80  10:12  Overlord  
  80  10:13  Overseer  
  80  10:18  Mutalisk  
  81  10:32  Mutalisk x2  
  85  10:42  Mutalisk  
  87  10:53  Mutalisk  
  89  10:58  Hatchery  
  89  11:02  Mutalisk  
  90  11:07  Overlord  
  90  11:12  Overlord x2  
  90  11:13  Overlord x3  
  90  11:16  Overlord  
Show
View Real Time Build Order
Export as new Build Order

Krivius Zerg - Winner!

Build Orders: Hatch First, Muta Ling Bane 

Get SALT Encoding   

  12  0:01  Drone  
  13  0:08  Drone  
  14  0:17  Overlord  
  14  0:22  Extractor  
  14  0:24  Drone  
  15  0:36  Drone x2  
  17  0:45  Drone  
  18  0:58  Hatchery  
  18  1:00  Drone  
  18  1:05  Drone  
  19  1:16  Extractor  
  18  1:22  Spawning Pool  
  17  1:25  Drone  
  17  1:29  Drone  
  19  1:41  Drone  
  20  1:51  Overlord  
  20  1:59  Drone  
  21  2:10  Queen  
  21  2:11  Queen  
  21  2:12  Zergling x2  
  26  2:20  Drone  
  27  2:25  Drone x2  
  29  2:36  Drone x2  
  31  2:46  Queen, Drone x2  
  35  2:53  Drone  
  36  2:59  Hatchery  
  36  3:05  Roach Warren  
  34  3:09  Evolution Chamber  
  34  3:11  Evolution Chamber  
  32  3:15  Drone x2  
  32  3:18  Drone  
  32  3:19  Drone  
  36  3:24  Overlord  
  36  3:27  Extractor  
  35  3:34  Zerg Melee Weapons Level 1  
  35  3:42  Zerg Ground Armor Level 1  
  35  3:51  Lair  
  35  3:54  Drone x5  
  40  4:00  Drone x2  
  40  4:01  Drone  
  43  4:09  Drone  
  43  4:17  Evolution Chamber  
  43  4:27  Metabolic Boost  
  43  4:29  Drone x7  
  50  4:31  Extractor  
  50  4:33  Extractor  
  50  4:36  Drone x2  
  50  4:41  Overlord x3  
  50  4:58  Spire  
  50  4:59  Zergling x2  
  50  5:00  Zergling x14  
  57  5:08  Zergling x2  
  57  5:09  Zergling x8  
  62  5:16  Zergling x8  
  62  5:18  Zergling x2  
  67  5:30  Zergling x12  
  67  5:31  Zergling x2  
  74  5:50  Overlord x2  
  74  5:54  Hatchery  
  73  6:12  Mutalisk x3  
  73  6:13  Mutalisk x4  
  83  6:18  Mutalisk  
  83  6:19  Mutalisk  
  87  6:26  Mutalisk  
  87  6:28  Zergling x2  
  87  6:30  Overlord  
  90  6:40  Overlord x2  
  90  6:41  Zerg Flyer Weapons Level 1  
  90  6:53  Mutalisk x2  
  93  6:55  Zergling x2  
  93  6:56  Zergling x6  
  97  7:24  Mutalisk x3  
  97  7:26  Drone x5  
  97  7:28  Drone x4  
  97  7:29  Drone x4  
  111  7:43  Drone x7  
  117  7:44  Extractor  
  116  8:04  Extractor  
  115  8:12  Pneumatized Carapace  
  115  8:13  Overseer, Infestation Pit, Baneling Nest  
  115  8:19  Mutalisk x3  
  114  8:20  Mutalisk  
  119  8:31  Hatchery  
  118  8:39  Overlord  
  118  8:40  Overlord x5  
  118  8:47  Overlord x5  
  118  8:55  Hive  
  118  8:57  Queen  
  118  8:58  Centrifical Hooks  
  118  9:20  Zerg Melee Weapons Level 2  
  118  9:21  Zerg Ground Armor Level 2  
  118  9:39  Overseer  
  118  9:42  Overseer  
  118  9:57  Spore Crawler  
  116  10:03  Mutalisk  
  116  10:04  Mutalisk x5  
  128  10:13  Adrenal Glands  
  128  10:31  Extractor x2  
  126  10:41  Spine Crawler  
  125  10:49  Ultralisk Cavern  
  123  11:00  Zergling x22  
  123  11:01  Zergling x56  
  123  11:02  Zergling x12  
Tags
 
Add a new tag
Caveats
  • Supply blocks, unpowered buildings, or Contaminate may cause inaccurate times.
  • Supply counts are checked every 10 seconds.